Map: [ESL] Cosmic Sapphire

Players

Reynor - Winner!

  • Race: Zerg Zerg
  • Spawn Location: 5:00

Elazer

  • Race: Zerg Zerg
  • Spawn Location: 11:00

Event: DreamHack SC2 Masters 2022 Atlanta (Online)

VOD

Have the link to the VOD?

Description

Time

  • Played on: Oct. 9, 2022, 12:07 p.m.
  • Length: 8:22

All games in this series

Show
View Real Time Build Order
Export as new Build Order

Reynor Zerg - Winner!

Build Orders: Hatch First 

Get SALT Encoding   

  12  0:00  Drone  
  13  0:11  Overlord  
  13  0:16  Drone  
  14  0:30  Drone x2  
  16  0:47  Hatchery  
  15  0:50  Drone  
  15  0:54  Drone  
  17  0:57  Drone  
  18  1:08  Extractor  
  17  1:13  Spawning Pool  
  17  1:15  Drone  
  17  1:18  Drone  
  18  1:27  Drone  
  19  1:38  Drone  
  20  1:48  Drone  
  21  1:59  Queen, Overlord  
  21  2:00  Zergling x2, Queen  
  26  2:07  Metabolic Boost  
  26  2:10  Drone x2  
  28  2:21  Drone x2  
  30  2:32  Hatchery  
  30  2:35  Zergling x2  
  30  2:37  Drone  
  31  2:44  Baneling Nest, Drone  
  31  2:47  Drone  
  32  2:52  Overlord  
  32  2:54  Drone  
  33  3:03  Drone  
  34  3:09  Zergling x4  
  34  3:12  Zergling x10  
  41  3:19  Overlord, Evolution Chamber  
  40  3:21  Drone  
  41  3:28  Drone  
  41  3:29  Baneling  
  41  3:30  Baneling  
  41  3:31  Queen  
  44  3:38  Drone  
  44  3:40  Drone x3  
  48  3:44  Overlord  
  48  3:46  Drone  
  49  3:52  Drone x3  
  50  4:07  Drone x4  
  50  4:08  Drone x2  
  55  4:11  Overlord  
  55  4:16  Drone x3  
  56  4:19  Zergling x4  
  56  4:23  Zerg Ground Armor Level 1  
  56  4:25  Drone  
  56  4:28  Roach Warren  
  56  4:30  Zergling x4  
  56  4:31  Extractor x2  
  56  4:36  Zergling x2  
  56  4:37  Baneling  
  56  4:38  Baneling  
  55  4:40  Zergling x4  
  55  4:43  Baneling x2  
  55  4:44  Overlord  
  59  4:48  Zergling x4  
  59  4:55  Zergling x8  
  61  5:04  Overlord  
  60  5:07  Drone x5  
  60  5:09  Overlord  
  60  5:13  Drone x2  
  65  5:23  Roach x3  
  65  5:25  Lair  
  65  5:26  Roach  
  73  5:29  Roach  
  73  5:31  Drone  
  76  5:38  Zergling x2, Roach x2  
  76  5:39  Drone  
  76  5:40  Drone  
  76  5:42  Roach  
  85  5:45  Baneling x2  
  85  5:47  Zergling x2  
  85  5:48  Zergling x6  
  89  5:50  Overlord  
  89  5:55  Drone  
  90  5:58  Overlord  
  90  6:01  Overlord  
  90  6:08  Zergling x2  
  90  6:09  Zergling x10, Roach  
  93  6:14  Queen, Roach  
  94  6:21  Baneling x2  
  94  6:22  Drone x3  
  94  6:23  Drone x2  
  94  6:24  Glial Reconstitution  
  94  6:25  Zerg Missile Weapons Level 1  
  97  6:27  Drone x2  
  97  6:28  Drone  
  97  6:30  Drone x2  
  100  6:37  Drone x2  
  100  6:43  Drone x2  
  100  6:44  Drone x3  
  100  6:45  Drone x2  
  101  6:47  Queen, Extractor  
  101  6:48  Roach x2, Extractor  
  101  6:49  Extractor  
  98  6:57  Overlord  
  98  6:59  Roach x2  
  98  7:00  Hydralisk Den, Roach x2  
  103  7:02  Queen  
  103  7:04  Roach x2  
  103  7:05  Roach  
  111  7:10  Overlord  
  111  7:13  Drone x2  
  113  7:18  Spore Crawler, Roach x3  
  113  7:22  Spore Crawler, Drone  
  119  7:27  Overlord  
  119  7:28  Overlord  
  118  7:31  Roach x4  
  118  7:36  Hydralisk  
  118  7:37  Hydralisk  
  126  7:42  Overlord  
  126  7:43  Overlord  
  130  7:48  Overlord  
  130  7:53  Overlord  
  130  8:00  Spore Crawler  
Show
View Real Time Build Order
Export as new Build Order

Elazer Zerg 

Build Orders: Hatch First 

Get SALT Encoding   

  12  0:00  Drone  
  13  0:12  Overlord  
  13  0:16  Drone  
  14  0:30  Drone x2  
  16  0:47  Hatchery  
  15  0:50  Drone  
  15  0:54  Drone  
  17  0:57  Drone  
  18  1:08  Extractor  
  17  1:12  Spawning Pool  
  17  1:15  Drone  
  17  1:18  Drone  
  18  1:27  Drone  
  19  1:38  Drone  
  20  1:49  Drone  
  21  1:59  Queen x2  
  21  2:00  Zergling x2  
  21  2:01  Overlord  
  26  2:07  Metabolic Boost  
  26  2:11  Drone x2  
  28  2:22  Drone x2  
  30  2:32  Hatchery  
  30  2:35  Drone  
  30  2:36  Drone  
  31  2:42  Drone  
  32  2:46  Baneling Nest  
  32  2:49  Overlord  
  31  2:54  Drone x2  
  33  3:04  Drone  
  34  3:06  Zergling x2  
  34  3:08  Zergling x2  
  34  3:10  Zergling x2  
  37  3:13  Queen  
  37  3:14  Zergling x4  
  37  3:16  Drone  
  37  3:17  Drone  
  43  3:22  Overlord  
  43  3:26  Drone  
  44  3:41  Drone x8  
  44  3:44  Drone x2  
  54  3:50  Lair  
  54  3:51  Overlord  
  54  3:53  Baneling x2  
  54  3:55  Baneling  
  54  3:56  Zergling x4  
  54  4:01  Zergling x2  
  54  4:05  Zergling x2  
  54  4:08  Zergling x4  
  57  4:13  Baneling x2  
  57  4:14  Zergling x12  
  62  4:18  Overlord  
  62  4:22  Drone x3  
  64  4:25  Drone  
  64  4:29  Extractor  
  64  4:31  Extractor  
  63  4:32  Drone x2  
  65  4:38  Overlord  
  65  4:39  Drone x2  
  65  4:41  Extractor  
  66  4:51  Drone x6  
  72  4:56  Drone x8  
  73  5:05  Drone x2  
  75  5:08  Drone  
  75  5:11  Extractor  
  75  5:13  Extractor  
  73  5:20  Spire  
  72  5:23  Zergling x6  
  72  5:24  Baneling x2  
  72  5:25  Baneling, Roach Warren  
  72  5:26  Zergling x2  
  75  5:31  Zergling x4  
  75  5:35  Overlord  
  77  5:41  Overlord  
  77  5:46  Zergling x2  
  77  5:47  Zergling x8  
  77  5:49  Overlord  
  82  5:55  Overlord  
  81  6:05  Roach  
  81  6:06  Roach x7  
  91  6:14  Roach x5  
  94  6:19  Roach  
  94  6:20  Queen x2  
  94  6:24  Roach x4  
  101  6:26  Queen  
  101  6:30  Roach  
  92  6:45  Roach x8  
  93  6:56  Mutalisk x3  
  93  7:00  Mutalisk x2  
  101  7:07  Mutalisk x2  
  105  7:14  Drone  
  105  7:15  Drone  
  107  7:19  Drone  
  108  7:27  Mutalisk x3  
  114  7:37  Overlord  
  114  7:38  Overlord x2  
  114  7:44  Overlord  
  112  8:07  Drone x3  
  112  8:10  Drone  
Tags
 
Add a new tag
Caveats
  • Supply blocks, unpowered buildings, or Contaminate may cause inaccurate times.
  • Supply counts are checked every 10 seconds.